 Dungeon Crawl Stone Soup version 0.28-b1-25-g9875b3fc8c (webtiles) character file.

Game seed: 634468275778914876

963 inmateoo the Skirmisher (level 7, 0/54 (59) HPs)
             Began as a Demonspawn Brigand on Feb 7, 2022.
             Slain by a wight (11 damage)
             ... on level 4 of the Dungeon.
             The game lasted 00:05:55 (4885 turns).

inmateoo the Skirmisher (Demonspawn Brigand)        Turns: 4885, Time: 00:05:56

HP:   0/54 (59)     AC: 20    Str: 14    XL:     7   Next: 92%
MP:   7/7           EV:  9    Int: 12    God:
Gold: 227           SH:  3    Dex: 14    Spells: 6/6 levels left

rFire   . . .      SeeInvis .   h - +2 dagger (protect)
rCold   . . .      Faith    .   a - +0 buckler
rNeg    . . .      Spirit   .   g - +0 scale mail
rPois   +          Reflect  .   (no helmet)
rElec   .          Harm     .   c - +1 cloak
rCorr   .          Rampage  .   (no gloves)
Will    .....                   k - +0 pair of boots
Stlth   +.........              b - amulet of the acrobat
HPRegen 0.18/turn               (no ring)
MPRegen 0.10/turn               (no ring)

@: under a protective aura, drained
A: slimy green scales 3, foul stench 2
a: no special abilities


You were on level 4 of the Dungeon.
You visited 1 branch of the dungeon, and saw 5 of its levels.

You collected 227 gold pieces.

Inventory:

Hand Weapons
 h - a +2 dagger of protection (weapon)
Missiles
 d - 15 poisoned darts (quivered)
 e - a curare-tipped dart
Armour
 a - a +0 buckler (worn)
 c - a +1 cloak (worn)
 g - a +0 scale mail (worn)
 k - a +0 pair of boots (worn)
Jewellery
 b - an amulet of the acrobat (around neck)
Wands
 p - a wand of flame (25)
Scrolls
 m - a scroll of enchant armour
 r - a scroll of teleportation
Potions
 f - a potion of berserk rage
 i - a potion of invisibility
 l - 2 potions of attraction {unknown}
 n - 2 potions of cancellation {unknown}
 q - a potion of might {unknown}


   Skills:
 + Level 6.7 Fighting
 - Level 1.7 Short Blades
 - Level 1.7 Throwing
 - Level 2.0 Dodging
 - Level 3.6 Stealth
 + Level 5.4 Unarmed Combat


You had 6 spell levels left.
You didn't know any spells.
Your spell library contained the following spells:

 Spells                   Type           Power      Damage    Failure   Level
 Portal Projectile        Hex/Tloc       0%         N/A       99%         3
 Blade Hands              Tmut           0%         N/A       100%        5
 Excruciating Wounds      Necr           0%         N/A       100%        5


Dungeon Overview and Level Annotations

Branches:
Dungeon (5/15)
 Temple: D:4-7

Altars:
Dithmenos
Fedhas
Gozag
Makhleb
Ru
Wu Jian


Innate Abilities, Weirdness & Mutations

You are completely covered in slimy green scales. (AC +4, rPois)
You sometimes emit foul miasma when damaged in melee.


Message History

You barely miss the wight.
The wight is severely damaged.
The wight hits you but does no damage.
You hit the wight but do no damage.
The wight is severely damaged.
The wight hits you with a +4 long sword!
You hit the wight but do no damage.
The wight is severely damaged.
The wight closely misses you.
You hit the wight but do no damage.
The wight is severely damaged.
The wight hits you with a +4 long sword!
* * * LOW HITPOINT WARNING * * *
You hit the wight but do no damage.
The wight is severely damaged.
The wight barely misses you.
Your +2 dagger of protection hums with potential!
h - a +2 dagger of protection (weapon)
The wight misses you.
You hit the wight but do no damage.
Your weapon exudes an aura of protection.
The wight is severely damaged.
The wight hits you but does no damage.
You closely miss the wight.
The wight is severely damaged.
The wight hits you with a +4 long sword.
* * * LOW HITPOINT WARNING * * *
You hit the wight but do no damage.
The wight is severely damaged.
The wight closely misses you.
You hit the wight but do no damage.
The wight is severely damaged.
You block the wight's attack.
Aiming: Throw Flame
Press: ? - help, Shift-Dir - straight line, f/p - wight
Aim: a wight, wielding a +4 long sword and wearing a +0 robe (severely damaged, 68% to hit)
The puff of flame hits the wight.
The wight is almost destroyed.
The wight hits you with a +4 long sword!
You die...

.....[>'.......#.....#...#.......
.....).#.......#.....'...#.......
..##...#.......#.....##..#.......
..##'###.......#.....#########...
.......'.......#.....##..##..#.(.
.......#.......#..........#..+...
####...#.......#..(..##...#..#...
##+###.......#.....##...#..#...
#...........oz@........##..#...
#............#.........##'#####
#.....########'######..#.......
###.....#.....##.....##..##......
........#......[.....##..#######.
........#.....([.........##...##.
........#.....##.........#.......
........########.........#.......
........#.....'..........##...≈≈≈


You could see a wight and an orc.

Vanquished Creatures
  Sigmund (D:2)
  Duvessa (D:4)
  A black bear (D:4)
  A necrophage (D:4)
  An ogre (D:5)
  A water moccasin skeleton (D:5)
  Dowan (D:4)
  A wight (D:4)
  A centaur zombie (D:5)
  2 orc priests
  2 iguanas
  An orc wizard (D:4)
  3 adders
  An ufetubus (D:4)
  3 worms
  3 dart slugs
  14 orcs
  5 bats
  8 endoplasms
  4 giant cockroaches
  7 goblins
  A hobgoblin (D:3)
  10 jackals (D:3)
  3 quokkas
  7 ball pythons
  2 frilled lizards
  6 kobolds
  5 rats
96 creatures vanquished.

Notes
Turn   | Place    | Note
-------+----------+-------------------------------------------
     0 | D:1      | inmateoo the Demonspawn Brigand began the quest for the
                  | Orb.
     0 | D:1      | Reached XP level 1. HP: 16/16 MP: 1/1
   249 | D:1      | Gained mutation: You are partially covered in slimy green
                  | scales. (AC +2) [demonic ancestry]
   249 | D:1      | Reached XP level 2. HP: 23/23 MP: 2/2
   495 | D:1      | Reached skill level 3 in Fighting
   857 | D:1      | Reached skill level 1 in Dodging
  1193 | D:1      | Found a faded altar of an unknown god.
  1307 | D:2      | Noticed Sigmund
  1458 | D:2      | Killed Sigmund
  1459 | D:2      | Reached skill level 4 in Fighting
  1459 | D:2      | Gained mutation: You may rarely emit foul miasma when
                  | damaged in melee. [demonic ancestry]
  1459 | D:2      | Reached XP level 3. HP: 24/30 MP: 3/3
  1459 | D:2      | Reached XP level 4. HP: 30/37 MP: 4/4
  1459 | D:2      | Gained mutation: You are mostly covered in slimy green
                  | scales. (AC +3) [demonic ancestry]
  1459 | D:2      | Reached XP level 5. HP: 34/42 MP: 5/5
  2526 | D:3      | Gained mutation: You are completely covered in slimy green
                  | scales. (AC +4, rPois) [demonic ancestry]
  2526 | D:3      | Reached XP level 6. HP: 41/49 MP: 6/6
  3076 | D:3      | Found a blossoming altar of Fedhas.
  3434 | D:4      | Reached skill level 5 in Fighting
  3608 | D:4      | Found a shadowy altar of Dithmenos.
  3634 | D:4      | Found an ornate altar of the Wu Jian Council.
  3683 | D:4      | Noticed Dowan
  3685 | D:4      | Noticed Duvessa
  3703 | D:4      | Killed Duvessa
  3704 | D:4      | Gained mutation: You sometimes emit foul miasma when
                  | damaged in melee. [demonic ancestry]
  3704 | D:4      | Reached XP level 7. HP: 49/57 MP: 7/7
  3705 | D:4      | Killed Dowan
  3846 | D:4      | Found a sacrificial altar of Ru.
  4146 | D:4      | Reached skill level 6 in Fighting
  4290 | D:5      | Entered Level 5 of the Dungeon
  4318 | D:5      | Reached skill level 5 in Unarmed Combat
  4330 | D:5      | Found an opulent altar of Gozag.
  4386 | D:5      | Found a burning altar of Makhleb.
  4885 | D:4      | Slain by a wight

Illustrated notes

Levels and vault maps discovered:
D:1:      dpeg_arrival_arbitrary_b, layout_loops_ring,
          shapermc_ecumenical_altar_acropolis, item_on_display_a
D:2:      layout_basic, due_unseen_surprise, uniq_sigmund
D:3:      layout_basic, nicolae_overflow_hidden_temple
D:4:      layout_gridville, mainiacjoe_overflow_catwalk_spiral,
          nicolae_ru_awakened_eye, uniq_duvessa
D:5:      layout_cave_pools, nicolae_overflow_crystal_walls,
          nicolae_ashenzari_panopticon, mainiacjoe_overflow_paths, serial_shops,
          nicolae_take_the_stairs, kennysheep_generic_room_16

Skill      XL: |  1  2  3  4  5  6  7 |
---------------+----------------------+-----
Fighting       | 4 5 6 |  6.7
Dodging        | 2 |  2.0
Unarmed Combat | 2 3 4 5 |  5.4
Short Blades   | |  1.7
Throwing       | |  1.7
Stealth        | |  3.6

Action                   |  1- 3 |  4- 6 |  7- 9 || total
-------------------------+-------+-------+-------++-------
Melee: Dagger            |    46 |   253 |   161 ||   460
       Unarmed           |     2 |       |    25 ||    27
       Punch             |     1 |       |       ||     1
Throw: Dart              |    18 |    20 |       ||    38
Evoke: Wand              |       |     3 |     1 ||     4
  Use: Scroll            |     1 |     4 |     2 ||     7
       Potion            |     1 |       |       ||     1
 Stab: Sleeping          |     2 |       |       ||     2
Armor: Robe              |     5 |       |       ||     5
       Scale mail        |    15 |   133 |   130 ||   278
       Skin              |     1 |       |       ||     1
Dodge: Dodged            |    25 |    83 |   121 ||   229
Block: Buckler           |     1 |    27 |    34 ||    62
